 Dungeon Crawl Stone Soup version 0.30.1-11-g7821555f0a (webtiles) character file.

Game seed: 1681222178212236402

19213 Ijustatesigmund the Geomancer (level 12, 0/67 HPs)
             Began as a Gargoyle Earth Elementalist on Nov 20, 2023.
             Was a High Priest of Cheibriados.
             Slain by a shadow (30 damage)
             ... on level 13 of the Dungeon.
             The game lasted 00:29:23 (15254 turns).

Ijustatesigmund the Geomancer (GrEE)               Turns: 15254, Time: 00:29:24

Health: 0/67       AC: 17    Str: 25    XL:     12   Next: 66%
Magic:  17/25      EV: 12    Int: 34    God:    Cheibriados [*****.]
Gold:   1029       SH: 11    Dex: 21    Spells: 25/29 levels left

rFire   . . .        e - +3 morningstar (drain)
rCold   + . .        h - +0 buckler
rNeg    + . .        H - +0 troll leather armour
rPois   ∞            K - +0 hat {Will+}
rElec   +            r - +1 cloak
rCorr   .            (no gloves)
SInv    .            z - +0 pair of boots
Will    +....        A - amulet of reflection
Stlth   ++           P - ring "Caanet" {rC+ Str+2 Int+2 Slay+4}
HPRegen 1.11/turn    L - +4 ring of slaying
MPRegen 0.19/turn

%: reflection
@: very slow
A: sickness immunity, AC +8, negative energy resistance 1, electricity
resistance, torment resistance 1, petrification resistance
a: Renounce Religion, Bend Time, Temporal Distortion, Slouch, Step From Time


You were on level 13 of the Dungeon.
You worshipped Cheibriados.
Cheibriados was extremely pleased with you.
You visited 2 branches of the dungeon, and saw 14 of its levels.
You also visited: Ossuary.

You collected 1029 gold pieces.

Inventory:

Hand Weapons
 e - a +3 morningstar of draining (weapon)
 G - a +2 heavy flail
Missiles
 w - 2 throwing nets
Armour
 a - a +1 robe of willpower
 h - a +0 buckler (worn)
 r - a +1 cloak (worn)
 z - a +0 pair of boots (worn)
 E - a +0 helmet
 H - a +0 troll leather armour (worn)
 K - a +0 hat of willpower (worn)
Jewellery
 x - a ring of willpower
 A - an amulet of reflection (around neck)
 D - a ring of see invisible
 L - a +4 ring of slaying (right hand)
 M - an amulet of magic regeneration
 P - the ring "Caanet" (left hand) {rC+ Str+2 Int+2 Slay+4}
   (You found it on level 10 of the Dungeon)

   [ring of slaying]

   Str:       It affects your strength (+2).
   Int:       It affects your intelligence (+2).
   Slay:      It affects your accuracy & damage with ranged weapons and melee
   (+4).
   rC:        It protects you from cold.
 Q - a ring of ice
Wands
 l - a wand of polymorph (21)
 v - a wand of mindburst (15)
 y - a wand of paralysis (27)
 F - a wand of roots (25)
 N - a wand of quicksilver (7)
Scrolls
 g - 4 scrolls of teleportation
 k - 2 scrolls of blinking
 n - a scroll of summoning
 o - 4 scrolls of fog
 t - 3 scrolls of amnesia
 B - a scroll of silence
 O - 2 scrolls of poison
Potions
 b - 4 potions of magic
 c - 2 potions of cancellation
 d - a potion of lignification
 f - 4 potions of flight
 i - a potion of resistance
 j - 4 potions of heal wounds
 m - 2 potions of mutation
 p - 2 potions of ambrosia
 q - 5 potions of attraction {unknown}
 s - 6 potions of curing {unknown}
 u - 3 potions of might
 C - a potion of haste {unknown}
 I - a potion of brilliance {unknown}
 J - 3 potions of invisibility {unknown}


   Skills:
 - Level 4.6 Fighting
 - Level 3.0 Maces & Flails
 + Level 4.5 Armour
 - Level 1.5 Dodging
 - Level 2.1 Stealth
 - Level 4.3 Shields
 + Level 9.0 Spellcasting
 + Level 11.2 Conjurations
 - Level 0.7 Transmutations
 + Level 11.9 Earth Magic
 + Level 9.6 Invocations


You had 25 spell levels left.
You knew the following spells:

 Your Spells              Type           Power      Damage    Failure   Level
a - Sandblast             Erth           100%       2d20      1%          1
b - Stone Arrow           Conj/Erth      100%       3d13      1%          3

Your spell library contained the following spells:

 Spells                   Type           Power      Damage    Failure   Level
 Passwall                 Tmut/Erth      45%        N/A       1%          2
 Hailstorm                Conj/Ice       52%        3d12      1%          3
 Mephitic Cloud           Conj/Pois/Air  40%        N/A       2%          3
 Animate Armour           Summ/Erth      100%       N/A       3%          4
 Petrify                  Tmut/Erth      55%        N/A       3%          4
 Freeze                   Ice            60%        1d7       4%          1
 Sticky Flame             Conj/Fire      52%        2d7       4%          4
 Lesser Beckoning         Tloc           30%        N/A       6%          2
 Ignite Poison            Fire/Tmut/Pois 16%        N/A       11%         3
 Frozen Ramparts          Ice            30%        1d5       12%         3
 Gell's Gravitas          Tloc           15%        N/A       12%         3
 Portal Projectile        Hex/Tloc       30%        N/A       12%         3
 Teleport Other           Tloc           15%        N/A       12%         3
 Tukima's Dance           Hex            15%        N/A       12%         3
 Freezing Cloud           Conj/Ice/Air   20%        6-21      24%         5
 Blade Hands              Tmut           10%        N/A       63%         5
 Lehudib's Crystal Spear  Conj/Erth      38%        10d9      92%         8
 Ignition                 Fire           7%         3d5       100%        8


Dungeon Overview and Level Annotations

Branches:
Dungeon (13/15)            Temple (1/1) D:4            Lair (0/5) D:11
    Orc (0/2) D:9         Ossuary (visited)
 Vaults: D:13-14

Altars:
Ashenzari
Cheibriados
Dithmenos
Elyvilon
Fedhas
Gozag
Hepliaklqana
Kikubaaqudgha
Makhleb
Nemelex Xobeh
Okawaru
Qazlal
Ru
Sif Muna
Trog
Uskayaw
Vehumet
Wu Jian
Xom
Yredelemnul
Zin
The Shining One

Shops:
D:7 (

Annotations:
D:12 2 runed translucent doors


Innate Abilities, Weirdness & Mutations

You are immune to sickness and miasma.
Your stone body is resilient. (AC +8)
You are immune to poison.
You resist negative energy. (rN+)
You are resistant to electric shocks. (rElec)
You are resistant to unholy torment.
You are immune to petrification.


Message History

You puncture the two-headed ogre! You drain the two-headed ogre.
The two-headed ogre is severely wounded.
A shadow comes into view.
You block the two-headed ogre's attack. x2
You hit the two-headed ogre. You drain the two-headed ogre.
The two-headed ogre is severely wounded.
The two-headed ogre hits you with a +0 giant spiked club!
The two-headed ogre hits you with a +0 giant club!
You hit the two-headed ogre.
The two-headed ogre is severely wounded.
The two-headed ogre hits you with a +0 giant spiked club!
You block the two-headed ogre's attack.
You are too injured to fight recklessly!
You are too injured to fight recklessly!
You are too injured to fight recklessly!
You are too injured to fight recklessly!
You are too injured to fight recklessly!
Casting: Stone Arrow (safe; 1% risk of failure)
Confirm with . or Enter, or press ? or * to list all spells.
Aiming: Stone Arrow (safe; 1% risk of failure)
Press: ? - help, Shift-Dir - straight line, f/p - two-headed ogre
Aim: a two-headed ogre, wielding a +0 giant spiked club and a +0 giant club (severely wounded, lightly drained, 89% to hit)
The stone arrow hits the two-headed ogre!!
You kill the two-headed ogre!
Cheibriados thoroughly appreciates the change of pace.
Your Spellcasting skill increases to level 9!
You closely miss the shadow. The shadow hits you.
The shadow slips into darkness.
The shadow flickers and vanishes!
Deactivating autopickup; reactivate with Ctrl-A.
You miss something.
The shadow strikes at you from the darkness!
Reactivating autopickup.
You barely miss the shadow. The shadow hits you.
You closely miss the shadow.
The shadow slips into darkness.
The shadow flickers and vanishes!
Deactivating autopickup; reactivate with Ctrl-A.
The shadow strikes at you from the darkness!
You die...

. .. .# . .#. ...
#.# #.# #{## .#
#@.########.#....#
##.##............#
#.........# ....
###.......# ...
#.......# ..#
##......# #.#
#......####.#
#...........##
#......####÷.#


There were no monsters in sight!

Vanquished Creatures
  Gastronok (D:8)
  Fannar (D:10)
  A boulder beetle (D:12)
  4 two-headed ogres
  A tengu warrior (D:13)
  Lodul (D:12)
  Pikel (D:5)
  2 cyclopes (D:12)
  2 ugly things (D:13)
  A manticore (D:11)
  A gargoyle (D:11)
  An unseen horror (D:11)
  2 kobold demonologists (D:11)
  A komodo dragon (D:11)
  5 trolls
  4 slime creatures (D:12)
  2 wraiths
  8 yaks
  2 wyverns
  Menkaure (D:4)
  Edmund (D:6)
  8 vampire mosquitoes
  2 water moccasins
  3 sky beasts
  A swamp drake (D:9)
  2 black bears
  4 orc warriors
  9 ogres
  3 centaurs
  A lemure (D:5)
  3 kobold brigands
  2 gnoll sergeants
  A scorpion (D:4)
  9 wights
  13 killer bees
  7 howler monkeys
  10 orc priests
  5 hounds
  2 human zombies (Ossuary)
  A jelly (D:6)
  Jessica (D:2)
  A sleepcap (D:5)
  3 iguanas
  13 orc wizards
  5 mummies (Ossuary)
  14 gnolls
  3 adders
  A white imp (D:8)
  2 ufetubi (D:5)
  2 worms (D:3)
  3 dart slugs
  58 orcs
  7 endoplasms
  A giant cockroach (D:2)
  A gnoll zombie (Ossuary)
  9 goblins
  5 hobgoblins
  4 jackals
  21 kobolds
  3 quokkas
  4 ball pythons
  4 bats
  A goblin zombie (Ossuary)
  2 hobgoblin zombies (Ossuary)
  A kobold zombie (Ossuary)
  An orc zombie (Ossuary)
  7 rats
306 creatures vanquished.

Vanquished Creatures (collateral kills)
  An ogre (D:12)
  A jelly (D:5)
2 creatures vanquished.

Grand Total: 308 creatures vanquished

Notes
Turn   | Place    | Note
-------+----------+-------------------------------------------
     0 | D:1      | Ijustatesigmund the Gargoyle Earth Elementalist began the
                  | quest for the Orb.
     0 | D:1      | Reached XP level 1. HP: 10/10 MP: 3/3
   112 | D:1      | Reached XP level 2. HP: 16/16 MP: 1/5
   113 | D:1      | Reached skill level 1 in Fighting
   903 | D:2      | Noticed Jessica
   906 | D:2      | Killed Jessica
   907 | D:2      | Reached XP level 3. HP: 13/21 MP: 3/6
  1002 | D:2      | Got the Omnibus of Gross Voltage
  1361 | D:2      | Found a broken altar of Ashenzari.
  1365 | D:2      | Reached XP level 4. HP: 26/26 MP: 6/8
  1591 | D:3      | Learned a level 3 spell: Stone Arrow
  1888 | D:3      | Reached XP level 5. HP: 31/31 MP: 3/9
  2065 | D:3      | Reached skill level 1 in Conjurations
  2381 | D:3      | Reached skill level 1 in Maces & Flails
  2381 | D:3      | Reached skill level 5 in Earth Magic
  2652 | D:4      | Reached XP level 6. HP: 36/36 MP: 4/11
  2742 | D:4      | Noticed an orc warrior
  2758 | D:5      | Entered Level 5 of the Dungeon
  2905 | D:5      | Noticed a water moccasin
  2922 | D:5      | Killed a water moccasin
  2923 | D:5      | Reached XP level 7. HP: 23/40 MP: 4/12
  3015 | D:5      | Found a sand-covered staircase.
  3020 | Ossuary  | Entered an ossuary
  3492 | D:5      | Found a white marble altar of Elyvilon.
  3874 | D:5      | Found a sparkling altar of Nemelex Xobeh.
  3874 | D:5      | Found an iron altar of Okawaru.
  3973 | D:5      | Reached skill level 5 in Conjurations
  3973 | D:5      | Reached XP level 8. HP: 29/45 MP: 7/14
  4076 | D:4      | Noticed Pikel
  4214 | D:5      | Killed Pikel
  4478 | D:4      | HP: 1/48 [something (4)]
  4816 | D:4      | Found a staircase to the Ecumenical Temple.
  4827 | Temple   | Entered the Ecumenical Temple
  5115 | D:4      | Noticed Menkaure
  5118 | D:4      | Killed Menkaure
  5119 | D:4      | Reached skill level 5 in Spellcasting
  5507 | D:6      | Found a blossoming altar of Fedhas.
  5576 | D:6      | Noticed Edmund
  5616 | D:6      | Killed Edmund
  5617 | D:6      | Reached XP level 9. HP: 46/52 MP: 3/16
  5859 | D:6      | Found a broken altar of Ashenzari.
  5863 | D:6      | Found a glowing silver altar of Zin.
  5968 | D:6      | Found a snail-covered altar of Cheibriados.
  5972 | D:6      | Became a worshipper of Cheibriados the Contemplative
  6196 | D:6      | Reached skill level 1 in Invocations
  6886 | D:7      | Reached * piety under Cheibriados
  7417 | D:7      | Reached skill level 1 in Shields
  7505 | D:7      | Found Biew's Antique Weapon Boutique.
  7658 | D:7      | Found an ancient bone altar of Kikubaaqudgha.
  7918 | D:8      | Reached XP level 10. HP: 58/58 MP: 9/18
  8029 | D:8      | Reached ** piety under Cheibriados
  8197 | D:8      | Found a stormy altar of Qazlal.
  8203 | D:8      | Reached skill level 5 in Invocations
  8485 | D:8      | Noticed Gastronok
  8492 | D:8      | Killed Gastronok
  8754 | D:8      | Found a shadowy altar of Dithmenos.
  8760 | D:8      | Noticed a two-headed ogre
  8765 | D:8      | Killed a two-headed ogre
  9483 | D:9      | Found a sacrificial altar of Ru.
  9630 | D:9      | Identified the +2 robe of the Crypt {Str-5 Dex+4}
  9799 | D:9      | Reached *** piety under Cheibriados
  9890 | D:9      | Reached XP level 11. HP: 44/62 MP: 7/21
 10219 | D:9      | Found a staircase to the Orcish Mines.
 10501 | D:10     | Entered Level 10 of the Dungeon
 10503 | D:10     | Found an opulent altar of Gozag.
 10574 | D:10     | Noticed a two-headed ogre
 10582 | D:10     | Killed a two-headed ogre
 10710 | D:10     | Found a shimmering altar of Xom.
 10710 | D:10     | Identified the +4 spear of Hurting Extermination {holy,
                  | rCorr Int+3}
 10713 | D:10     | Reached skill level 10 in Earth Magic
 10961 | D:10     | Identified the ring "Caanet" {rC+ Str+2 Int+2 Slay+4}
 10985 | D:10     | Reached **** piety under Cheibriados
 11150 | D:10     | Noticed Fannar
 11158 | D:10     | Killed Fannar
 11532 | D:11     | Found a staircase to the Lair.
 11816 | D:11     | Reached skill level 10 in Conjurations
 12517 | D:11     | Noticed a manticore
 12522 | D:11     | Noticed a two-headed ogre
 12524 | D:11     | Killed a two-headed ogre
 12525 | D:11     | Reached skill level 1 in Armour
 12542 | D:11     | Killed a manticore
 12819 | D:12     | Noticed a cyclops
 12821 | D:12     | Killed a cyclops
 12847 | D:12     | Noticed Lodul
 12858 | D:12     | Reached ***** piety under Cheibriados
 12859 | D:12     | Noticed a boulder beetle
 12869 | D:12     | Reached XP level 12. HP: 67/67 MP: 24/24
 12891 | D:12     | Killed Lodul
 12907 | D:12     | Killed a boulder beetle
 14108 | D:12     | Found a runed translucent door.
 14179 | D:12     | Found a runed translucent door.
 14180 | D:12     | Noticed a merfolk impaler
 14180 | D:12     | Noticed a merfolk avatar
 14181 | D:12     | Found a runed translucent door.
 14880 | D:13     | Noticed a tengu warrior
 14884 | D:13     | Killed a tengu warrior
 15244 | D:13     | Noticed a two-headed ogre
 15250 | D:13     | Killed a two-headed ogre
 15254 | D:13     | Slain by a shadow

Illustrated notes

Levels and vault maps discovered:
D:1:      shiori_arrival_elements, layout_rooms,
          amcnicky_mini_rare_corridor_liquid
D:2:      layout_basic, basic_altar, uniq_jessica
D:3:      layout_rooms
D:4:      layout_cave_pools, minmay_temple_entry_fiery, roderic_roman_lattice,
          minmay_surrounded, uniq_menkaure, uniq_pikel
D:5:      layout_rooms, elyvilon_altar_3, nicolae_overflow_two_pavilions,
          enter_ossuary_2, st_stairs_10, kennysheep_nondescript,
          lexackson_kobold_supper
D:6:      layout_loops_ring, chequers_temple_overflow_statue_of_worship,
          mainiacjoe_overflow_concentric_impassable, kennysheep_generic_room_3,
          uniq_edmund
D:7:      layout_rooms, mainiacjoe_overflow_alcove_1, serial_shops, shop
D:8:      layout_basic, grunt_dithmenos_smoke, nicolae_qazlal_beasts_of_the_sky,
          enter_bailey_2, uniq_gastronok
D:9:      layout_gridville, lemuel_crystal_altar, erik_orc_1,
          grunt_decor_clamped
D:10:     layout_roguey, mainiacjoe_overflow_small_starburst,
          grunt_gozag_statues, nicolae_wwwww, uniq_fannar
D:11:     layout_small_grid, dpeg_oklobed_lair
D:12:     layout_basic, mikee_hates_you, uniq_lodul
D:13:     layout_basic
Temple:   dpeg_three_leaves_temple

Skill      XL: |  1  2  3  4  5  6  7  8  9 10 11 12 |
---------------+-------------------------------------+-----
Fighting       | 1 2 4 |  4.6
Earth Magic    | 4 5 6 7 8 9 11 | 11.9
Spellcasting   | 3 4 5 7 8 9 |  9.0
Conjurations   | 2 3 5 7 8 9 10 11 | 11.2
Maces & Flails | 1 2 3 |  3.0
Invocations    | 4 6 8 9 |  9.6
Shields        | 3 4 |  4.3
Armour         | 2 4 |  4.5
Dodging        | |  1.5
Stealth        | |  2.1
Transmutations | |  0.7

Action                     |  1- 3 |  4- 6 |  7- 9 | 10-12 || total
---------------------------+-------+-------+-------+-------++-------
  Melee: Whip              |     7 |       |       |       ||     7
         Flail             |       |    21 |   253 |    87 ||   361
         Punch             |       |       |     4 |       ||     4
         Morningstar       |       |       |       |   184 ||   184
   Cast: Sandblast         |    34 |    92 |    42 |     4 ||   172
         Stone Arrow       |       |       |    77 |   146 ||   223
 Invoke: Slouch            |       |       |       |     1 ||     1
  Evoke: Wand              |       |       |       |     1 ||     1
    Use: Scroll            |       |    10 |     9 |     6 ||    25
         Potion            |       |       |     4 |     2 ||     6
   Stab: Sleeping          |     1 |       |     2 |       ||     3
 Armour: Robe              |     3 |    25 |   116 |   147 ||   291
         Skin              |       |       |    10 |       ||    10
         Troll leather arm |       |       |       |    24 ||    24
  Dodge: Dodged            |     6 |    59 |   169 |   211 ||   445
  Block: Other             |       |       |    26 |       ||    26
         Buckler           |       |       |     4 |   276 ||   280
         Reflection        |       |       |       |    11 ||    11
